 Dungeon Crawl Stone Soup version 0.31-a0-638-g26219f789d (webtiles) character file.

Game seed: 6187584295625599205

174586 Tarkan the Severer (level 17, -7/170 HPs)
             Began as a Minotaur Berserker on Aug 27, 2023.
             Was a High Priest of Trog.
             Mangled by a naga warrior
             ... wielding a +2 dire flail of protection
              (17 damage)
             ... on level 4 of the Snake Pit.
             The game lasted 01:45:02 (29647 turns).

Tarkan the Severer (Minotaur Berserker)            Turns: 29647, Time: 01:45:03

Health: -7/170     AC: 36    Str: 36    XL:     17   Next: 20%
Magic:  16/16      EV: 13    Int:  4    God:    Trog [*****.]
Gold:   1646       SH: 16    Dex: 10    Spells: 16/16 levels left

rFire   + + .        V - +2 broad axe (flame)
rCold   . . .        u - +4 kite shield of the Shore {rF++}
rNeg    + . .        G - +6 plate armour {rPois}
rPois   +            M - +2 hat
rElec   .            a - +2 cloak
rCorr   .            A - +0 pair of gloves
SInv    .            O - +0 pair of boots
Will    ++++.        n - amulet "Roihiv" {RegenMP Rampage *Slow rN+ Will+} Stlth
                     J - +4 ring of protection
HPRegen 1.48/turn    R - +6 ring of strength
MPRegen 0.55/turn

%: slow self (1%), rampage
@: lethally poisoned (-7 -> -8), strong-willed, on berserk cooldown,
regenerating, slowed, studying Fighting, very slow
A: horns 2, retaliatory headbutt
}: 1/15 runes: serpentine
a: Renounce Religion, Berserk, Trog's Hand, Brothers in Arms


You were on level 4 of the Snake Pit.
You worshipped Trog.
Trog was extremely pleased with you.
You visited 4 branches of the dungeon, and saw 24 of its levels.

You collected 2218 gold pieces.
You spent 572 gold pieces at shops.

Inventory:

Hand Weapons
 D - the +5 hand axe of Anezir {heavy, *Rage rPois rF+}
   (Trog gifted it to you on level 1 of the Orcish Mines)

   rF+:       It protects you from fire.
   rPois:     It protects you from poison *Rage: It berserks you when you make
   melee attacks (+20% chance).
 V - a +2 broad axe of flaming (weapon)
 X - the +3 executioner's axe "Nan Demp" {flame, rPois rCorr Int-4 Stlth+}
   (Trog gifted it to you on level 2 of the Snake Pit)

   Int-4:     It affects your intelligence (-4).
   rPois:     It protects you from poison rCorr: It protects you from acid and
   corrosion.
   Stlth+:    It makes you more stealthy.
Missiles
 w - 3 throwing nets (quivered)
Armour
 a - a +2 cloak (worn)
 u - the +4 kite shield of the Shore (worn) {rF++}
   (You acquired it on level 4 of the Lair of Beasts)

   rF++:      It greatly protects you from fire.
 A - a +0 pair of gloves (worn)
 F - a +6 plate armour
 G - a +6 plate armour of poison resistance (worn)
 M - a +2 hat (worn)
 O - a +0 pair of boots (worn)
Jewellery
 b - an amulet of reflection
 g - a ring of positive energy
 h - a ring of protection from cold
 n - the amulet "Roihiv" (around neck) {RegenMP Rampage *Slow rN+ Will+}
   (You acquired it on level 2 of the Orcish Mines)

   [amulet of magic regeneration]

   RegenMP:   It increases your rate of magic regeneration.
   rN+:       It protects you from negative energy.
   Will+:     It increases your willpower.
   *Slow:     It may slow you when you take damage.
   Rampage:   It bestows one free step when moving towards enemies.
 v - a +6 ring of dexterity
 y - an amulet of regeneration
 I - a ring of protection from cold
 J - a +4 ring of protection (left hand)
 R - a +6 ring of strength (right hand)
 U - a ring of flight
Wands
 o - a wand of mindburst (11)
 p - a wand of iceblast (22)
 q - a wand of paralysis (17)
 E - a wand of quicksilver (14)
 W - a wand of flame (29)
 Y - a wand of polymorph (7)
Scrolls
 d - a scroll of fear
 e - 5 scrolls of vulnerability
 f - a scroll of identify
 j - 5 scrolls of teleportation
 k - 6 scrolls of fog
 m - a scroll of blinking
 B - 5 scrolls of revelation
 H - 2 scrolls of enchant armour
 L - a scroll of summoning
 P - a scroll of immolation
 T - 2 scrolls of poison
Potions
 c - 6 potions of haste
 i - 4 potions of might
 l - 9 potions of enlightenment
 r - 11 potions of curing
 s - 4 potions of attraction {unknown}
 t - 2 potions of invisibility {unknown}
 x - 2 potions of resistance {unknown}
 z - 16 potions of ambrosia
 K - 3 potions of cancellation {unknown}
 N - 3 potions of magic {unknown}
 Q - 2 potions of berserk rage {unknown}
 S - 4 potions of mutation {unknown}
 Z - a potion of heal wounds {unknown}


   Skills:
 + Level 19.8 Fighting
 + Level 20.4 Axes
 + Level 16.6 Armour
 + Level 15.3 Dodging
 + Level 14.8 Shields


You had 16 spell levels left.
You didn't know any spells.
Your spell library was empty.

Dungeon Overview and Level Annotations

Branches:
Dungeon (13/15)            Temple (0/1) D:5            Lair (5/5) D:11
  Swamp (0/4) Lair:2        Snake (4/4) Lair:2        Slime (0/5) Lair:4
    Orc (2/2) D:12            Elf (0/3) Orc:2
 Vaults: D:13-14

Altars:
Ashenzari
Dithmenos
Elyvilon
Hepliaklqana
Makhleb
Nemelex Xobeh
Ru
Uskayaw
Vehumet
Wu Jian
Zin

Shops:
D:4 =   D:9 :   Orc:1 =   Orc:2 (!(*   Snake:1 :   Snake:2 (

Annotations:
D:13 1 runed translucent door
Snake:1 Roxanne


Innate Abilities, Weirdness & Mutations

You have a pair of horns on your head.
You reflexively headbutt those who attack you in melee.


Message History

The nagaraja spits poison at you. The splash of poison misses you.
The naga warrior spits poison at you. The splash of poison misses you.
You see here a black mamba corpse.
The nagaraja points at you and mumbles some strange words.
You resist with almost no effort.
Things that are here:
a +0 spear; a +0 robe The nagaraja no longer looks unusually strong.
The nagaraja attacks as it pursues you!
The nagaraja hits you but does no damage.
The nagaraja spits poison at you. The splash of poison misses you.
Things that are here:
a +0 halberd; a black mamba corpse Your attacks no longer feel as feeble.
The naga warrior spits poison at you.
The splash of poison hits you but does no damage.
You resist.
Okay, then.
The nagaraja gestures at you while chanting.
The poison arrow hits you!
You are poisoned.
You partially resist.
* * * LOW HITPOINT WARNING * * *
The naga warrior roars a battlecry!
The nagaraja goes into a battle-frenzy!
You feel very sick.
The nagaraja is no longer moving quickly.
The nagaraja casts a spell.
The nagaraja seems to speed up.
You rampage towards the naga warrior!
You slash the naga warrior! You burn the naga warrior.
Your headbutt misses the naga warrior.
The naga warrior is lightly wounded.
You slice the nagaraja!! You burn the nagaraja!
You feel sick. The nagaraja spits poison at you.
You block the splash of poison.
The naga warrior hits you with a +2 dire flail of protection!
You die...

.......................##..##
.......................##...#####
..................)....###.......
.....#....#.......########.......
##...#....#....####...[..###.....
.###.#....#...##...........##....
...###....#..##.............##...
....##....#..#..N..######....#...
.....#....####.)@### ##)).##..
#.........# #..N)# ##...#..
##........# #...## #.).##.
.##...)...# #.)†# ##...#.
..##......# #.))# #...#.
..###.....###...# #...#.
...###.....###.))# #(..#. .).#
#......##....# #...#. .)(#
#.......##....# ##...#.


You could see a nagaraja (fast, strong, catching breath) and a naga warrior
(catching breath).

Vanquished Creatures
  Kirke (Lair:5)
  11 nagarajas
  An orc warlord (Orc:2)
  A fire dragon (Lair:5)
  2 salamander tyrants
  A hydra (Lair:5)
  2 centaur warriors
  4 boulder beetles
  2 ogre magi (Orc:2)
  21 naga warriors
  5 anacondas
  9 two-headed ogres
  28 naga sharpshooters
  An orc high priest (Orc:1)
  8 shock serpents
  2 salamander mystics
  2 skysharks
  2 sea snakes (Snake:4)
  2 deep trolls (Orc:2)
  A lindwurm (Lair:5)
  A deep elf pyromancer (D:12)
  7 naga ritualists
  A harpy (D:10)
  2 mana vipers
  2 manticores
  2 cyclopes (Orc:2)
  11 elephants
  48 black mambas
  18 salamanders
  The ghost of Seven7 the Trooper, a novice MiFi (D:4)
  9 guardian serpents
  16 naga magi
  Joseph (Lair:1)
  9 cane toads
  A torpor snail (Lair:1)
  2 molten gargoyles (Lair:5)
  A gargoyle (D:11)
  3 kobold demonologists (D:11)
  An unseen horror (D:10)
  6 komodo dragons
  8 rime drakes
  13 trolls
  A hornet (D:10)
  A queen bee (D:9)
  3 polar bears
  The ghost of Scrael the Ducker, an amateur DsGl (D:4)
  16 blink frogs
  The ghost of blacky4 the Chiller, an amateur DsIE (D:4)
  6 dream sheep (Lair:5)
  Sigmund (D:2)
  3 slime creatures (D:11)
  2 shadows
  A spriggan (D:7)
  8 wyverns
  A vampire (D:11)
  75 yaks
  5 steam dragons
  7 hogs (Lair:5)
  A wraith (D:11)
  6 basilisks
  The ghost of Scrael the Slasher, an amateur DsGl (D:4)
  5 vampire mosquitoes
  The ghost of Ijustatesigmund the Trooper, an amateur GrFi of Cheibriados (D:4)
  3 wargs
  49 nagas
  An acid dragon (D:11)
  Edmund (D:4)
  12 water moccasins
  4 hell hounds (Lair:5)
  Duvessa (D:5)
  17 orc warriors
  2 sky beasts
  4 black bears
  18 ogres
  2 ice beasts
  2 wolves (D:11)
  8 centaurs
  5 kobold brigands
  2 phantoms
  Blork the orc (D:4)
  13 bullfrogs
  7 scorpions
  A gnoll sergeant (D:12)
  A wight (D:10)
  Dowan (D:5)
  43 killer bees
  4 electric eels (D:11)
  3 howler monkeys
  4 lava snakes (Lair:5)
  3 jellies
  7 hounds
  6 orc priests
  3 sleepcaps
  3 iguanas
  17 orc wizards
  12 hell rats (Lair:4)
  6 gnolls
  2 adders
  A shadow imp (D:6)
  2 worms
  A dart slug (D:5)
  63 orcs
  6 ball pythons
  4 bats
  7 endoplasms
  4 giant cockroaches
  12 goblins
  7 hobgoblins
  2 jackals (D:2)
  26 kobolds
  2 quokkas (D:5)
  3 frilled lizards
  3 rats
826 creatures vanquished.

Vanquished Creatures (collateral kills)
  Aizul (Snake:3)
  A two-headed ogre (D:10)
  2 naga sharpshooters (Snake:4)
  A mana viper (Snake:3)
  A cyclops (D:10)
  2 salamanders (Snake:4)
  2 black mambas (Snake:3)
  2 naga magi
  A guardian serpent (Snake:3)
  2 nagas
15 creatures vanquished.

Vanquished Creatures (others)
  An orc wizard (D:5)
  2 kobolds (D:8)
3 creatures vanquished.

Grand Total: 844 creatures vanquished

Notes
Turn   | Place    | Note
-------+----------+-------------------------------------------
     0 | D:1      | Tarkan the Minotaur Berserker began the quest for the Orb.
     0 | D:1      | Reached XP level 1. HP: 19/19 MP: 0/0
   208 | D:1      | Reached XP level 2. HP: 19/27 MP: 1/1
   307 | D:1      | Reached skill level 4 in Axes
   742 | D:2      | Reached XP level 3. HP: 33/33 MP: 2/2
   753 | D:2      | Reached ** piety under Trog
  1127 | D:2      | Noticed Sigmund
  1141 | D:2      | Killed Sigmund
  1142 | D:2      | Reached skill level 5 in Axes
  1142 | D:2      | Reached XP level 4. HP: 41/41 MP: 3/3
  1142 | D:2      | Reached XP level 5. HP: 47/47 MP: 4/4
  1833 | D:3      | Identified the ring "Qohepsic" {MP+9 Int+4}
  1921 | D:4      | Noticed Edmund
  1932 | D:4      | Killed Edmund
  1933 | D:4      | Reached skill level 6 in Axes
  1933 | D:4      | Reached XP level 6. HP: 55/55 MP: 5/5
  1936 | D:4      | Reached skill level 5 in Fighting
  2192 | D:4      | Noticed Blork the orc
  2203 | D:4      | Killed Blork the orc
  2419 | D:4      | Reached *** piety under Trog
  2709 | D:4      | Found Otiqown's One-of-a-Kind Rings.
  2748 | D:4      | Found a runed translucent gate.
  2748 | D:4      | Found a runed translucent gate.
  2748 | D:4      | Found a runed translucent gate.
  2749 | D:4      | Noticed Scrael's ghost (amateur DsGl)
  2749 | D:4      | Noticed Ijustatesigmund's ghost (amateur GrFi)
  2749 | D:4      | Noticed blacky4's ghost (amateur DsIE)
  2750 | D:4      | Noticed Scrael's ghost (amateur DsGl)
  2750 | D:4      | Noticed Seven7's ghost (novice MiFi)
  2856 | D:5      | Entered Level 5 of the Dungeon
  2996 | D:5      | Reached XP level 7. HP: 32/61 MP: 6/6
  3265 | D:5      | Reached skill level 7 in Axes
  3270 | D:5      | Reached skill level 5 in Armour
  3647 | D:5      | Identified the +4 flail of Calculation {freeze, Will++}
  3978 | D:5      | Found a staircase to the Ecumenical Temple.
  4697 | D:5      | Reached skill level 5 in Dodging
  4697 | D:5      | Reached XP level 8. HP: 70/70 MP: 7/7
  4735 | D:5      | Reached skill level 8 in Axes
  4768 | D:5      | Noticed Duvessa
  4774 | D:5      | Noticed Dowan
  4786 | D:5      | Killed Duvessa
  4802 | D:5      | Killed Dowan
  5422 | D:6      | Reached skill level 9 in Axes
  5912 | D:6      | Reached XP level 9. HP: 38/79 MP: 8/8
  5918 | D:6      | Reached skill level 10 in Axes
  6139 | D:6      | Found an ornate altar of the Wu Jian Council.
  6696 | D:7      | Reached **** piety under Trog
  7843 | D:8      | Reached skill level 11 in Axes
  7888 | D:8      | Reached skill level 1 in Shields
  8247 | D:8      | Reached XP level 10. HP: 85/90 MP: 9/9
  9069 | D:9      | Reached skill level 12 in Axes
  9298 | D:9      | Found Uwao's Book Shoppe.
 10001 | D:10     | Entered Level 10 of the Dungeon
 10090 | D:10     | Paralysed by a hornet for 3 turns
 10232 | D:10     | Noticed a boulder beetle
 10233 | D:10     | Noticed a cyclops
 10235 | D:10     | Noticed a centaur warrior
 10236 | D:10     | Noticed a harpy
 10239 | D:10     | Noticed a two-headed ogre
 10244 | D:10     | Reached XP level 11. HP: 49/97 MP: 10/10
 10248 | D:10     | Killed a harpy
 10249 | D:10     | Reached skill level 13 in Axes
 10253 | D:10     | Killed a boulder beetle
 10254 | D:10     | Reached skill level 5 in Shields
 10256 | D:10     | Killed a centaur warrior
 10272 | D:10     | Killed a two-headed ogre
 10273 | D:10     | Reached skill level 10 in Fighting
 10511 | D:10     | Reached ***** piety under Trog
 10758 | D:10     | You fall into a shaft and drop 3 floors!
 10788 | D:13     | Found a runed translucent gate.
 10829 | D:13     | Noticed a centaur warrior
 10853 | D:13     | Killed a centaur warrior
 10925 | D:12     | Found a staircase to the Orcish Mines.
 10982 | D:12     | Reached skill level 10 in Armour
 11033 | D:12     | Reached skill level 14 in Axes
 11196 | D:12     | Noticed a two-headed ogre
 11211 | D:12     | Killed a two-headed ogre
 11329 | D:11     | Noticed a sun demon
 11557 | D:11     | Noticed a sixfirhy
 11576 | D:11     | Reached XP level 12. HP: 108/108 MP: 11/11
 11693 | D:10     | Found a broken altar of Ashenzari.
 11693 | D:10     | Found a hide-covered altar of Uskayaw.
 11694 | D:10     | Found a shadowy altar of Dithmenos.
 11694 | D:10     | Found a glowing silver altar of Zin.
 11694 | D:10     | Found a white marble altar of Elyvilon.
 11694 | D:10     | Found a hazy altar of Hepliaklqana.
 11694 | D:10     | Found a sparkling altar of Nemelex Xobeh.
 11695 | D:10     | Found a sacrificial altar of Ru.
 12226 | D:11     | Found a staircase to the Lair.
 12466 | D:11     | Received a gift from Trog
 13048 | D:11     | Reached skill level 15 in Axes
 13342 | D:11     | Reached skill level 10 in Dodging
 13827 | D:12     | Noticed a boulder beetle
 13852 | D:12     | Killed a boulder beetle
 14253 | Lair:1   | Entered Level 1 of the Lair of Beasts
 14706 | Lair:1   | Received a gift from Trog
 14716 | Lair:1   | Reached skill level 16 in Axes
 14799 | Lair:1   | Noticed Joseph
 14813 | Lair:1   | Killed Joseph
 15102 | Lair:1   | Reached XP level 13. HP: 83/117 MP: 12/12
 16072 | Lair:2   | Found a staircase to the Swamp.
 16687 | Lair:2   | Found a staircase to the Snake Pit.
 17605 | Lair:3   | Reached skill level 17 in Axes
 17685 | Lair:4   | Found a staircase to the Slime Pits.
 17865 | Lair:4   | Received a gift from Trog
 18201 | Lair:4   | Found a radiant altar of Vehumet.
 18672 | Lair:4   | Identified a scroll of acquirement
 18672 | Lair:4   | Acquired the +4 kite shield of the Shore {rF++}
 18700 | Lair:5   | Entered Level 5 of the Lair of Beasts
 18747 | Lair:5   | Reached skill level 10 in Shields
 18748 | Lair:5   | Reached XP level 14. HP: 123/129 MP: 13/13
 18803 | Lair:5   | Acquired a manual of Fighting
 18842 | Lair:5   | Identified the +2 short sword of Profit {heavy, Will++
                  | Str+2}
 18928 | Lair:5   | Reached ****** piety under Trog
 19073 | Lair:5   | Noticed Kirke
 19084 | Lair:5   | Reached skill level 18 in Axes
 19093 | Lair:5   | Killed Kirke
 19543 | Lair:5   | Found a large runed translucent door.
 19543 | Lair:5   | Found a large runed translucent door.
 20314 | Orc:1    | Entered Level 1 of the Orcish Mines
 20334 | Orc:1    | Identified the +5 hand axe of Anezir {heavy, *Rage rPois
                  | rF+} (Trog gifted it to you on level 1 of the Orcish Mines)
 20334 | Orc:1    | Received a gift from Trog
 20633 | Orc:1    | Found Guydu's Jewellery Shop.
 20794 | Orc:2    | Entered Level 2 of the Orcish Mines
 20794 | Orc:2    | Found a staircase to the Elven Halls.
 20930 | Orc:2    | Noticed an orc warlord
 20949 | Orc:2    | Killed an orc warlord
 21140 | Orc:2    | Found Qown's Weapon Shop.
 21156 | Orc:2    | Reached skill level 15 in Fighting
 21402 | Orc:2    | Received a gift from Trog
 21422 | Orc:2    | Found Onudd's Weapon Shop.
 21426 | Orc:2    | Found Otomamp's General Store.
 21434 | Orc:2    | Found Vafuc's Distillery.
 21448 | Orc:2    | Bought a scroll of acquirement for 572 gold pieces
 21448 | Orc:2    | Acquired the amulet "Roihiv" {RegenMP Rampage *Slow rN+
                  | Will+}
 21591 | Orc:2    | Reached XP level 15. HP: 140/141 MP: 14/14
 22170 | D:4      | Killed Scrael's ghost
 22171 | D:4      | Killed Ijustatesigmund's ghost
 22172 | D:4      | Killed Seven7's ghost
 22177 | D:4      | Killed blacky4's ghost
 22177 | D:4      | Killed Scrael's ghost
 22642 | Snake:1  | Entered Level 1 of the Snake Pit
 22997 | Snake:1  | Found Meawoitz's Self-Published Books.
 23527 | Snake:1  | Noticed Roxanne
 24326 | Snake:2  | Found Firphen's Antique Armour Emporium.
 24343 | Snake:2  | Found Fevvawuurph's Weapon Emporium.
 24615 | Snake:2  | Identified the +3 executioner's axe "Nan Demp" {flame,
                  | rPois rCorr Int-4 Stlth+} (Trog gifted it to you on level 2
                  | of the Snake Pit)
 24615 | Snake:2  | Received a gift from Trog
 24874 | Snake:2  | You fall into a shaft and drop 1 floor!
 24952 | Snake:3  | Reached skill level 19 in Axes
 24971 | Snake:3  | Noticed Aizul
 24979 | Snake:3  | Killed Aizul
 25519 | Snake:3  | Reached skill level 15 in Armour
 25708 | Snake:2  | Found a burning altar of Makhleb.
 26268 | Snake:2  | Reached XP level 16. HP: 149/155 MP: 15/15
 27025 | Snake:2  | Identified the +4 whip of the Saviour {flame, rCorr Str-2
                  | Int-2 Dex+8}
 27409 | Snake:4  | Entered Level 4 of the Snake Pit
 27732 | Snake:4  | Identified the +3 battleaxe of the Firefly {flame, Fly
                  | Int-3 Dex+6} (Trog gifted it to you on level 4 of the Snake
                  | Pit)
 27732 | Snake:4  | Received a gift from Trog
 28234 | Snake:4  | Reached skill level 20 in Axes
 28696 | Snake:4  | Reached skill level 15 in Dodging
 28999 | Snake:4  | Received a gift from Trog
 29004 | Snake:4  | Reached XP level 17. HP: 111/168 MP: 16/16
 29338 | Snake:4  | Got a serpentine rune of Zot
 29647 | Snake:4  | Mangled by a naga warrior

Illustrated notes

Levels and vault maps discovered:
D:1:      spicycebolla_arrival_xxxplode, layout_rooms, serial_bayou_lagoon_a,
          minivault_14
D:2:      layout_basic, uniq_sigmund
D:3:      layout_basic
D:4:      layout_basic, gammafunk_ghost_cemetery, nicolae_shop_unique_rings,
          kennysheep_boxes, uniq_edmund, uniq_blork_the_orc
D:5:      minmay_spotlight, layout_loops_corners, minmay_temple_entry_tees,
          grunt_ministairs_11, hangedman_decor_push, roderic_serpentine_path,
          patterned_corridor, uniq_duvessa
D:6:      layout_basic, nzn_wu_jian_contemplation,
          minmay_fractal_squares_diagonal_5
D:7:      layout_basic, the_hattery
D:8:      layout_loops_ring
D:9:      layout_basic, serial_shops, shop, special_room [special_room_bee]
D:10:     layout_loops_corners, grunt_temple_overflow_open,
          minmay_misc_feat_five, nicolae_doodle_vault
D:11:     layout_basic, erik_lair_island
D:12:     layout_cross, david_orc_3
D:13:     layout_gridville, gammafunk_ghost_icy, serial_bayou_pond_c,
          uniq_erolcha
Lair:1:   layout_gridlike, lemuel_old_faithful, grunt_megastairs_4,
          serial_bayou_shore_a, infiniplex_staircase_pool, uniq_joseph
Lair:2:   layout_regular_city, swamp_mist_pool, alex1729_snake_entry_snake
Lair:3:   layout_loops_ring, beast_lair_carwin_3
Lair:4:   layout_loops_ring, slime_entry_1, special_room
          [special_room_mythical_zoo], basic_altar
Lair:5:   cheibrodos_lair_end_hotspot, layout_hall_layers, uniq_kirke
Snake:1:  layout_onion, drop_trap, nicolae_custom_books, uniq_roxanne
Snake:2:  layout_cave_pods, basic_altar, nicolae_snake_scaly_snakehead,
          serial_bayou_shore_b, minmay_shop_star
Snake:3:  layout_onion, uniq_aizul
Snake:4:  grunt_snake_rune_spirals, layout_onion, serial_bayou_ford_a
Orc:1:    layout_caves, serial_shops, shop
Orc:2:    st_orc_open, layout_diamond_mine

Skill      XL: |  1  2  3  4  5  6  7  8  9 10 11 12 13 14 15 16 |
---------------+-------------------------------------------------+-----
Axes           | 4 5 6 7 9 11 12 14 16 17 18 19 20 | 20.4
Fighting       | 4 5 6 7 8 9 10 11 13 15 17 19 | 19.8
Armour         | 3 4 5 6 8 9 10 11 12 14 15 16 | 16.6
Dodging        | 3 4 5 6 7 8 9 10 11 12 14 15 | 15.3
Shields        | 2 4 6 8 10 11 13 14 | 14.8

Action                     |  1- 3 |  4- 6 |  7- 9 | 10-12 | 13-15 | 16-18 || total
---------------------------+-------+-------+-------+-------+-------+-------++-------
  Melee: Hand axe          |    72 |    92 |   359 |   743 |       |       ||  1266
         Headbutt          |     8 |    18 |    79 |   201 |   251 |    85 ||   642
         Punch             |     2 |     1 |     7 |       |       |       ||    10
         Broad axe         |       |       |       |    25 |  1036 |   348 ||  1409
 Invoke: Berserk           |     1 |       |     6 |     5 |     6 |     6 ||    24
         Trog's Hand       |       |       |       |     1 |     1 |     4 ||     6
         Brothers in Arms  |       |       |       |       |     1 |     4 ||     5
  Evoke: Wand              |       |     1 |       |     1 |       |       ||     2
    Use: Scroll            |       |       |    11 |     3 |    15 |     1 ||    30
   Stab: Paralysed         |       |     5 |       |       |       |       ||     5
 Armour: Ring mail         |     7 |       |       |       |       |       ||     7
         Chain mail        |    22 |    35 |    20 |       |       |       ||    77
         Plate armour      |       |       |   157 |   242 |   361 |   180 ||   940
  Dodge: Dodged            |    30 |    36 |   112 |   178 |   274 |   128 ||   758
  Block: Other             |    12 |    16 |    46 |       |       |       ||    74
         Kite shield       |       |       |    71 |   463 |   697 |   301 ||  1532
         Reflection        |       |       |     3 |    13 |    10 |       ||    26

Table legend: (Time is in decaauts)
 A = Elapsed time spent in this place.
 B = Non-inter-level travel time spent in this place.
 C = Inter-level travel time spent in this place.
 D = Time resting spent in this place.
 E = Time spent auto-exploring this place.
 F = Levels seen in this place.
 G = Mean time per level.
                   A        B        C        D        E       F      G
               +--------+--------+--------+--------+--------+-----+--------+
         Total |  29397 |  27393 |   2004 |   6576 |  13745 |  24 | 1224.9 |
       Dungeon |  15062 |  13598 |   1464 |   2752 |   7763 |  13 | 1158.6 |
          Lair |   6034 |   5692 |    342 |    287 |   4041 |   5 | 1206.8 |
     Snake Pit |   6911 |   6755 |    156 |   3310 |   1216 |   4 | 1727.8 |
  Orcish Mines |   1389 |   1347 |     42 |    226 |    725 |   2 |  694.5 |
               +--------+--------+--------+--------+--------+-----+--------+

Top non-repeatable levels by time:
 Snake:2: 2747 daAuts
     D:5: 2689 daAuts
    D:11: 1854 daAuts
 Snake:4: 1705 daAuts
  Lair:5: 1484 daAuts
  Lair:1: 1434 daAuts
     D:9: 1373 daAuts
  Lair:2: 1356 daAuts
     D:4: 1336 daAuts
 Snake:3: 1335 daAuts
    D:10: 1265 daAuts
     D:7: 1230 daAuts
 Snake:1: 1123 daAuts
     D:6: 1072 daAuts
  Lair:4: 1043 daAuts
